 Dungeon Crawl Stone Soup version 0.30-a0-1160-g6e42c06551 (webtiles) character file.

Game seed: 12508474439761692216

55 kae the Changer (level 3, -5/27 HPs)
             Began as a Demigod Transmuter on Apr 25, 2023.
             Slain by a gnoll
             ... wielding a +0 flail
              (11 damage)
             ... on level 1 of the Dungeon.
             The game lasted 00:01:30 (1482 turns).

kae the Changer (Demigod Transmuter)                Turns: 1482, Time: 00:01:31

Health: -5/27      AC:  2    Str: 11    XL:     3   Next: 45%
Magic:  7/9        EV: 12    Int: 19    God:
Gold:   208        SH:  0    Dex: 14    Spells: 1/7 levels left

rFire   . .          .
                       - Unarmed
rCold   . . .        (no shield)
rNeg    . . .        a - +0 robe
rPois   .            (no helmet)
rElec   .            (no cloak)
rCorr   .            (no gloves)
SInv    .            (no boots)
Will    .....        (no amulet)
Stlth   +            (no ring)
HPRegen 0.24/turn    (no ring)
MPRegen 0.11/turn

%: no passive effects
@: no status effects
A: high MP 1, forlorn, divine attributes
a: no special abilities


You were on level 1 of the Dungeon.
You visited 1 branch of the dungeon, and saw 2 of its levels.

You collected 208 gold pieces.


Innate Abilities, Weirdness & Mutations

You have an increased reservoir of magic. (+10% MP)
You shall have no god before yourself.
Your divine heritage dramatically boosts your attributes as you level up.


   Skills:
 - Level 0.8 Fighting
 - Level 1.7 Dodging
 - Level 2.6 Unarmed Combat
 + Level 2.7 Spellcasting
 + Level 2.9 Transmutations
 * Level 0.0 Poison Magic


You had one spell level left.
You knew the following spells:

 Your Spells              Type           Power      Damage    Failure   Level
a - Beastly Appendage     Tmut           26%        N/A       4%          1
b - Wereblood             Tmut           13%        N/A       7%          2
c - Spider Form           Tmut/Pois      8%         N/A       26%         3

Your spell library contained the following spells:

 Spells                   Type           Power      Damage    Failure   Level
 Ice Form                 Ice/Tmut       8%         N/A       65%         4

Inventory:

Missiles
 c - 49 stones
Armour
 a - a +0 robe (worn)
Scrolls
 d - 5 scrolls of identify {@r1}
 e - 2 scrolls of brand weapon
Potions
 b - 2 potions of lignification {!q}

Dungeon Overview and Level Annotations

Branches:
Dungeon (2/15) Zot: 10521

.......# #.# #.# .##...## #.# #.#
.###.## #.# #.# .# #.# #.# #)# .#
#.# #.# #.# .###.########
####.#####.# .##.........####
#....†[....#
###............#####.##.#########
....#######....g@....)..# #...
##### #####.#####.#### #.##
#.........#.# #.#
##########.###.....).# #.#
...........# ####...##########.#
############ #..............#
#...############ #####


You could see a gnoll (very poisoned).


Message History

The ball python hisses angrily. 😮 HP[+1]
Your horns disappear.
Your talons disappear. 😮 HP[+1] 😮 HP[+1]
There is a stone staircase leading up here.
You climb upwards.
There is a stone staircase leading down here. 😮 HP[+1] Done exploring. 😕 HP[+5]
You regained 5 hp, and now have 22/27 hp.
You start resting. 😎 HP[+5]
Your hp is fully restored (27).
Okay, then.
Casting: Beastly Appendage (safe; 4% risk of failure)
Confirm with . or Enter, or press ? or * to list all spells.
The spell is extremely dangerous to miscast (26% risk of failure)!
Continue anyway? [Y]es or [N]o only, please.
The spell is extremely dangerous to miscast (26% risk of failure)!
Continue anyway?
Okay, then.
Casting: Spider Form (extremely dangerous; 26% risk of failure)
Confirm with . or Enter, or press ? or * to list all spells.
The spell is extremely dangerous to miscast (26% risk of failure)!
Continue anyway? [Y]es or [N]o only, please.
The spell is extremely dangerous to miscast (26% risk of failure)!
Continue anyway?
You turn into a venomous arachnid creature.
Your +0 robe melds into your body. 😎 MP[-3]
You lost 3 mp, and now have 6/9 mp.
You climb downwards.
The ball python completely misses you. The ball python misses you.
The gnoll misses you. The ball python completely misses you.
The ball python misses you.
There is a stone staircase leading up here.
The ball python barely misses you. The ball python grabs you.
You stop ascending the stairs.
The ball python constricts you.
The gnoll hits you with a +0 flail! 😮 HP[-7]
You take 7 damage, and now have 20/27 hp.
MASSIVE DAMAGE!! (PAUSE)
You hit the gnoll.
Your transformation is almost over.
The ball python bites you but does no damage.
The ball python constricts you. The gnoll hits you with a +0 flail!
* * * LOW HITPOINT WARNING * * *
The ball python misses you.
The ball python constricts you. 😨 HP[-9]
You take 9 damage, and now have 11/27 hp.
MASSIVE DAMAGE!! (PAUSE)
You barely miss the gnoll. The gnoll hits you with a +0 flail.
* * * LOW HITPOINT WARNING * * *
The ball python closely misses you.
The ball python constricts you. 😨 HP[-4]
You take 4 damage, and now have 7/27 hp.
Unknown command.
You escape the ball python's grasp.
The gnoll hits you with a +0 flail.
* * * LOW HITPOINT WARNING * * *
You climb upwards.
There is a stone staircase leading down here.
Unknown command. 😱 HP[-4]
You take 4 damage, and now have 3/27 hp.
It was a potion of heal wounds.
You feel much better.
The ball python completely misses you. x2; The gnoll barely misses you.
The ball python closely misses you.
The ball python completely misses you. 😕 HP[+22] MP[+1]
You regained 22 hp, and now have 25/27 hp.
You hit the ball python but do no damage.
The ball python is poisoned.
The gnoll barely misses you. The ball python bites you.
The ball python completely misses you. 😕 HP[-2]
You take 2 damage, and now have 23/27 hp.
You barely miss the ball python. The gnoll hits you with a +0 flail.
The ball python bites you.
The ball python closely misses you. 😮 HP[-6]
You take 6 damage, and now have 17/27 hp.
MASSIVE DAMAGE!! (PAUSE)
You hit the gnoll.
The gnoll is poisoned.
The gnoll hits you with a +0 flail.
* * * LOW HITPOINT WARNING * * *
The ball python bites you.
* * * LOW HITPOINT WARNING * * *
The ball python grabs you. The ball python constricts you.
* * * LOW HITPOINT WARNING * * *
You barely miss the gnoll.
Your transformation has ended.
Your +0 robe unmelds from your body.
You kill the ball python!
The gnoll hits you with a +0 flail.
* * * LOW HITPOINT WARNING * * *
😱 HP[-11]
You take 11 damage, and now have 6/27 hp.
MASSIVE DAMAGE!! (PAUSE)
You hit the gnoll but do no damage. The gnoll closely misses you.
Unknown command.
You hit the gnoll but do no damage. The gnoll closely misses you.
You hit the gnoll but do no damage. The gnoll hits you with a +0 flail!
You die...

Skill      XL: |  1 |
---------------+----+-----
Transmutations | 2 |  2.9
Spellcasting   | 2 |  2.7
Fighting       | |  0.8
Dodging        | |  1.7
Unarmed Combat | |  2.6

Action                     || total
---------------------------++-------
  Melee: Unarmed           ||   110
         Kick              ||    22
         Headbutt          ||    13
         Punch             ||     1
   Cast: Beastly Appendage ||    21
         Spider Form       ||     1
    Use: Scroll            ||     6
         Potion            ||     1
   Stab: Sleeping          ||     1
 Armour: Robe              ||    23
         Skin              ||     1
  Dodge: Dodged            ||    83

Levels and vault maps discovered:
D:1:      tarquinn_simple_flora_water_b, layout_loops_ring,
          hangedman_abyss_or_decor_lesser_grid
D:2:      layout_basic

Notes
Turn   | Place    | Note
-------+----------+-------------------------------------------
     0 | D:1      | kae the Demigod Transmuter began the quest for the Orb.
     0 | D:1      | Reached XP level 1. HP: 15/15 MP: 5/5
     0 | D:1      | magus.rc [v1.11.3]
    75 | D:1      | Reached skill level 2 in Transmutations
    80 | D:1      | Reached skill level 2 in Spellcasting
    86 | D:1      | HP: 3/15 [jackal (3)]
    93 | D:1      | HP: 2/15 [hobgoblin (1)]
   198 | D:1      | Reached XP level 2. HP: 20/22 MP: 5/7
   268 | D:1      | Learned a level 2 spell: Wereblood
  1082 | D:2      | Reached XP level 3. HP: 27/27 MP: 7/9
  1086 | D:2      | Learned a level 3 spell: Spider Form
  1473 | D:2      | HP: 2/27 [gnoll/+0 flail (5)]
  1479 | D:1      | HP: 6/27 [gnoll/+0 flail (4)]
  1482 | D:1      | Slain by a gnoll

Vanquished Creatures
  A gnoll (D:2)
  2 worms (D:2)
  3 endoplasms (D:1)
  A giant cockroach (D:1)
  A goblin (D:1)
  4 hobgoblins
  7 jackals
  A quokka (D:2)
  2 ball pythons (D:1)
  3 bats (D:1)
  2 frilled lizards (D:2)
  6 kobolds (D:1)
  5 rats
38 creatures vanquished.

Table legend:
 A = Non-vault XP
 B = Vault XP
 C = Vault XP percentage of total XP
 D = Non-vault monster count
 E = Vault monster count
 F = Vault count percentage of total count
                 A         B        C        D         E       F
            +---------+---------+-------+---------+---------+-------
      Total |      79 |       0 |   0.0 |      38 |       0 |   0.0
            +---------+---------+-------+---------+---------+-------
        D:1 |      43 |       0 |   0.0 |      26 |       0 |   0.0
        D:2 |      36 |       0 |   0.0 |      12 |       0 |   0.0
            +---------+---------+-------+---------+---------+-------

Skill      XL: |  1 |
---------------+----+-----
Transmutations | 2 |  2.9
Spellcasting   | 2 |  2.7
Fighting       | |  0.8
Dodging        | |  1.7
Unarmed Combat | |  2.6

Action                     || total
---------------------------++-------
  Melee: Unarmed           ||   110
         Kick              ||    22
         Headbutt          ||    13
         Punch             ||     1
   Cast: Beastly Appendage ||    21
         Spider Form       ||     1
    Use: Scroll            ||     6
         Potion            ||     1
   Stab: Sleeping          ||     1
 Armour: Robe              ||    23
         Skin              ||     1
  Dodge: Dodged            ||    83

Illustrated notes

Table legend:
 A = Kills in this place as a percentage of kills in the entire game.
 B = Kills by you in this place as a percentage of kills by you in the entire game.
 C = Kills by friends in this place as a percentage of kills by friends in the entire game.
 D = Other kills in this place as a percentage of other kills in the entire game.
 E = Experience gained in this place as a percentage of experience gained in the entire game.
 F = Experience gained in this place divided by the number of levels of this place that you have seen.
                   A       B       C       D       E      F
               +-------+-------+-------+-------+-------+----------------------
         Total | 100.0 | 100.0 |   N/A |   N/A | 100.0 |  39.5
       Dungeon | 100.0 | 100.0 |   N/A |   N/A | 100.0 |  39.5
               +-------+-------+-------+-------+-------+----------------------

Table legend: (Time is in decaauts)
 A = Elapsed time spent in this place.
 B = Non-inter-level travel time spent in this place.
 C = Inter-level travel time spent in this place.
 D = Time resting spent in this place.
 E = Time spent auto-exploring this place.
 F = Levels seen in this place.
 G = Mean time per level.
                   A        B        C        D        E       F      G
               +--------+--------+--------+--------+--------+-----+--------+
         Total |   1478 |   1467 |     11 |     71 |   1095 |   2 |  739.0 |
       Dungeon |   1478 |   1467 |     11 |     71 |   1095 |   2 |  739.0 |
               +--------+--------+--------+--------+--------+-----+--------+

Top non-repeatable levels by time:
     D:1: 978 daAuts
     D:2: 499 daAuts
